 Dungeon Crawl Stone Soup version 0.21.1-1-g345015f (webtiles) character file.

83 Labyrinth the Firebug (level 4, 0/33 HPs)
             Began as a Draconian Fire Elementalist on July 25, 2018.
             Slain by Sigmund
             ... wielding a +0 scythe
              (1 damage)
             ... on level 2 of the Dungeon.
             The game lasted 00:06:04 (1283 turns).

Labyrinth the Firebug (Draconian Fire Elementalist) Turns: 1283, Time: 00:06:05

Health: 0/33       AC:  6    Str: 11    XL:     4   Next: 22%
Magic:  1/7        EV: 13    Int: 16    God:
Gold:   150        SH:  0    Dex: 16    Spells: 2/8 levels left

rFire    . . .     SeeInvis .   i - +0 hand axe
rCold    . . .     Gourm    .   (no shield)
rNeg     . . .     Faith    .   (armour unavailable)
rPois    .         Spirit   .   (helmet restricted)
rElec    .         Reflect  .   m - +0 cloak
rCorr    .         Harm     .   (no gloves)
MR       .....                  (no boots)
Stlth    ++........             (no amulet)
HPRegen  0.11/turn              q - +5 ring of dexterity
MPRegen  0.10/turn              (no ring)

@: very slightly contaminated
A: unfitting armour, cold-blooded, AC +5
a: no special abilities


You were on level 2 of the Dungeon.
You were not hungry.

You visited 1 branch of the dungeon, and saw 2 of its levels.

You collected 150 gold pieces.

Inventory:

Hand Weapons
 i - a +0 hand axe (weapon)
Missiles
 f - 30 bolts
 g - 21 arrows
 h - 36 stones (quivered)
Armour
 m - a +0 cloak (worn)
Jewellery
 q - a +5 ring of dexterity (left hand)
Scrolls
 c - a scroll of identify {unknown}
 d - a scroll of remove curse
 e - a scroll of teleportation {unknown}
 k - a scroll of magic mapping {unknown}
 l - a scroll of enchant weapon {unknown}
 p - a scroll of fear {unknown}
Potions
 n - a potion of curing {unknown}
 o - a potion of heal wounds
Books
 a - a book of Flames

   Spells                             Type                      Level
   a - Flame Tongue                   Conjuration/Fire             1
   b - Throw Flame                    Conjuration/Fire             2
   c - Conjure Flame                  Conjuration/Fire             3
   d - Inner Flame                    Hexes/Fire                   3
   e - Sticky Flame                   Conjuration/Fire             4
   f - Fireball                       Conjuration/Fire             5
Comestibles
 b - 3 rations
 j - 6 chunks of flesh


   Skills:
 + Level 0.3 Axes
 + Level 2.3 Dodging
 + Level 2.4 Stealth
 + Level 2.5 Spellcasting
 + Level 1.4 Conjurations
 + Level 3.7 Fire Magic


You had 2 spell levels left.
You knew the following spells:

 Your Spells              Type           Power        Failure   Level  Hunger
a - Flame Tongue          Conj/Fire      ##...        7%          1    #......
b - Throw Flame           Conj/Fire      ##....       10%         2    ##.....
c - Conjure Flame         Conj/Fire      ##......     21%         3    ###....


Dungeon Overview and Level Annotations

Branches:
Dungeon (2/15)

Altars:

Annotations:
D:2 Sigmund


Innate Abilities, Weirdness & Mutations

Your plain brown scales are hard. (AC +5)
You cannot fit into any form of body armour.
You are cold-blooded and may be slowed by cold attacks.


Message History

The bat barely misses you. Something hits you but does no damage.
You slash the bat!
You kill the bat!
You barely miss something. Something barely misses you.
You hit something but do no damage.
You hear some strange, mumbled words.
You are confused.
Something hits you!
* * * LOW HITPOINT WARNING * * *
Things that are here:
a chunk of flesh; a rat skeleton You bump into the rock wall.
You bump into the rock wall.
Something hits you.
* * * LOW HITPOINT WARNING * * *
You bump into the rock wall.
Something hits you.
* * * LOW HITPOINT WARNING * * *
You're too confused to move!
You feel less confused. Something hits you.
You die...

...# #...........#
#.#
...######'########
#.# ..........#
#.# ...########
#.# ...# #.# ...#
####### #.# ..##
..!.... #.# ###
.......#####.#
......{@%....#
......†#######
.(..... ......$
....... .......
...$... .......


There were no monsters in sight!

Vanquished Creatures
  Jessica (D:2)
  2 adders (D:2)
  A leopard gecko (D:2)
  3 giant cockroaches (D:2)
  6 goblins (D:2)
  A hobgoblin (D:2)
  2 jackals (D:2)
  4 kobolds
  A quokka (D:2)
  A ball python (D:2)
  6 bats
  2 frilled lizards
  8 rats
38 creatures vanquished.

Notes
Turn   | Place    | Note
-------+----------+-------------------------------------------
     0 | D:1      | Labyrinth the Draconian Fire Elementalist began the quest for the Orb.
     0 | D:1      | Reached XP level 1. HP: 14/14 MP: 3/3
   442 | D:1      | Reached XP level 2. HP: 20/20 MP: 0/5
   449 | D:1      | Learned a level 2 spell: Throw Flame
   560 | D:2      | Noticed Jessica
   578 | D:2      | Killed Jessica
   578 | D:2      | Reached XP level 3. HP: 26/26 MP: 0/6
   880 | D:2      | Reached XP level 4. HP: 25/33 MP: 0/7
   885 | D:2      | Learned a level 3 spell: Conjure Flame
  1250 | D:2      | Noticed Sigmund
  1281 | D:2      | HP: 1/33 [something (6)]
  1283 | D:2      | Slain by Sigmund

Skill      XL: |  1  2 |
---------------+-------+-----
Dodging        | 2 |  2.3
Stealth        | 2 |  2.4
Axes           | |  0.3
Spellcasting   | |  2.5
Conjurations   | |  1.4
Fire Magic     | |  3.7

Action                   |  1- 3 |  4- 6 || total
-------------------------+-------+-------++-------
Melee: Club              |    11 |       ||    11
       Hand axe          |    24 |    22 ||    46
       Tailslap          |     2 |     4 ||     6
Throw: Stone             |       |     3 ||     3
 Cast: Flame Tongue      |    31 |     5 ||    36
       Throw Flame       |     5 |     6 ||    11
  Use: Scroll            |     1 |       ||     1
       Potion            |       |     1 ||     1
  Eat: Chunk             |     1 |     2 ||     3
Armor: Skin              |    14 |    15 ||    29
Dodge: Dodged            |    38 |    25 ||    63
